 Dungeon Crawl Stone Soup version 0.30-a0-1066-g63dfefce0d (webtiles) character file.

Game seed: 12066339972868668361

734 Newt the Skirmisher (level 8, -14/49 HPs)
             Began as a Kobold Hunter on Apr 12, 2023.
             Demolished by an ogre
             ... wielding a +0 giant club
              (16 damage)
             ... on level 4 of the Dungeon.
             The game lasted 00:03:38 (3739 turns).

Newt the Skirmisher (Kobold Hunter)                 Turns: 3739, Time: 00:03:38

Health: -14/49     AC:  4    Str:  8    XL:     8   Next: 4%
Magic:  8/8        EV: 16    Int: 10    God:
Gold:   123        SH:  0    Dex: 21    Spells: 7/7 levels left

rFire   . . .      SeeInvis .    a - +1 shortbow
rCold   . . .      Faith    .    (shield currently unavailable)
rNeg    . . .      Spirit   .    c - +0 leather armour
rPois   .          Reflect  .    j - +0 helmet
rElec   .          Rampage  .    (no cloak)
rCorr   .                        (no gloves)
Will    .....                    (no boots)
Stlth   +++                      (no amulet)
HPRegen 0.28/turn                (no ring)
MPRegen 0.11/turn                (no ring)

@: lethally poisoned (-14 -> -17), hasted, very quick
A: small, no large weapons, nightstalker 3
a: no special abilities


You were on level 4 of the Dungeon.
You visited 1 branch of the dungeon, and saw 4 of its levels.

You collected 179 gold pieces.
You spent 56 gold pieces at shops.

Inventory:

Hand Weapons
 a - a +1 shortbow (weapon)
Armour
 c - a +0 leather armour (worn)
 j - a +0 helmet (worn)
Wands
 n - a wand of charming (5)
Scrolls
 i - a scroll of magic mapping
 o - a scroll of brand weapon {unknown}
Potions
 d - a potion of haste
 e - a potion of degeneration {unknown}
 f - 2 potions of attraction
 g - a potion of ambrosia
 h - a potion of cancellation
 k - a potion of flight {unknown}
 l - a potion of might {unknown}
 m - a potion of heal wounds {unknown}


   Skills:
 - Level 5.0 Fighting
 - Level 10.0 Ranged Weapons
 + Level 4.4 Dodging
 - Level 1.3 Stealth


You had 7 spell levels left.
You didn't know any spells.
Your spell library contained the following spells:

 Spells                   Type           Power      Damage    Failure   Level
 Beastly Appendage        Tmut           0%         N/A       50%         1
 Foxfire                  Conj/Fire      0%         2x1d4     50%         1
 Ensorcelled Hibernation  Hex/Ice        0%         N/A       63%         2
 Passwall                 Tmut/Erth      0%         N/A       63%         2
 Wereblood                Tmut           0%         N/A       63%         2
 Spider Form              Tmut/Pois      0%         N/A       86%         3
 Swiftness                Air            0%         N/A       86%         3
 Fireball                 Conj/Fire      0%         3d3       100%        5
 Plasma Beam              Fire/Air       0%         2x1d11    100%        6
 Starburst                Conj/Fire      0%         6d3       100%        6


Dungeon Overview and Level Annotations

Branches:
Dungeon (4/15)
 Temple: D:4-7

Altars:
Ru
Vehumet

Shops:
D:1 ?

Annotations:
D:2 1 runed translucent door, Crazy Yiuf
D:4 1 runed translucent door, mandoloar's ghost, amateur OpTm


Innate Abilities, Weirdness & Mutations

You are small and have problems with some larger weapons.
You are completely attuned to the shadows.


Message History

You are more poisoned.
The adder poisons you!
The hobgoblin hits you but does no damage.
The hound pauses to sniff the ground.
The ogre hits you with a +0 giant club!!
You shoot an arrow. The arrow barely misses the hobgoblin.
You feel sick. The adder bites you.
You are more poisoned.
The adder poisons you! The hobgoblin closely misses you.
The sleepcap barely misses you. The adder barely misses you.
Unknown command.
Aiming: Charm
Press: ? - help, Shift-Dir - straight line, f - adder, p - hobgoblin
Aim: an adder (chance to affect: 57%)
The adder is charmed.
You feel sick. The hound bites your adder. The hobgoblin barely misses you.
The ogre completely misses you. The sleepcap misses you.
The goblin hits your adder with a +2 dagger of freezing.
The goblin freezes your adder.
Your adder bites the hound but does no damage.
Unknown command.
Unknown command.
You feel yourself speed up.
You feel sick. The hound misses your adder. The sleepcap closely misses you.
The goblin hits your adder with a +2 dagger of freezing.
Your adder seems to slow down.
The goblin freezes your adder.
Your adder dies!
The hobgoblin misses you. The ogre closely misses you.
You shoot an arrow. The arrow hits the hobgoblin.
You kill the hobgoblin!
You feel sick. The sleepcap releases spores at you.
* * * LOW HITPOINT WARNING * * *
You are engulfed in a cloud of soporific spores!
You fall asleep.
The hound barely misses you.
You feel sick. The hound bites you.
You wake up.
* * * LOW HITPOINT WARNING * * *
The ogre hits you with a +0 giant club!
You die...

♣.......................# #.#...
P.......................##.#.#...
~.....############<........#.#.##
♣.....# ##.....## #.#... ~♣....#
###...####.###. ♣~###### ###
#########........#. ~~##)..###.##
...... #......#.#. ♣♣##.8.'##..##
#fO... ##..#......
~♣##...#.)##'###@hg.. #......#.##
~~.#...#.#..#...##... #........#
~..'.8.+###.#...# .. #.#.....##
)~.#...# ##+...# . #.#.#.....#
...#...# #..).. #.#.##.>#.#
~#.#.8.+ #..... #.#####.#.#
♣#.#...# #.....#.#.# ~#.#
##......... ♣#.# #..#)..#..


You could see an ogre, a sleepcap, a hound and a goblin.

Vanquished Creatures
  Sigmund (D:4)
  An ogre (D:3)
  A kobold brigand (D:4)
  3 orc priests (D:4)
  An iguana (D:2)
  Terence (D:2)
  3 orc wizards (D:4)
  4 adders (D:3)
  2 dart slugs
  13 orcs
  10 ball pythons
  2 bats
  6 endoplasms
  4 giant cockroaches
  4 goblins
  8 hobgoblins
  5 jackals
  2 quokkas
  4 frilled lizards
  8 kobolds
  A rat (D:1)
84 creatures vanquished.

Vanquished Creatures (collateral kills)
  A phantom (D:4)
1 creature vanquished.

Vanquished Creatures (others)
  An adder (D:4)
  6 plants (D:4)
  2 withered plants (D:4)
9 creatures vanquished.

Grand Total: 94 creatures vanquished

Notes
Turn   | Place    | Note
-------+----------+-------------------------------------------
     0 | D:1      | Newt the Kobold Hunter began the quest for the Orb.
     0 | D:1      | Reached XP level 1. HP: 12/12 MP: 1/1
   144 | D:1      | Found Ytulocump's Magic Scroll Boutique.
   165 | D:1      | Reached XP level 2. HP: 18/18 MP: 2/2
   487 | D:1      | Reached XP level 3. HP: 23/23 MP: 3/3
   999 | D:1      | Bought a scroll of identify for 28 gold pieces
   999 | D:1      | Bought a scroll of identify for 28 gold pieces
  1053 | D:2      | Reached XP level 4. HP: 21/30 MP: 4/4
  1435 | D:2      | Noticed Terence
  1441 | D:2      | Killed Terence
  1442 | D:2      | Reached skill level 5 in Fighting
  1496 | D:2      | Found a faded altar of an unknown god.
  1561 | D:2      | Found a runed translucent door.
  1564 | D:2      | Noticed Crazy Yiuf
  2099 | D:3      | Reached XP level 5. HP: 35/35 MP: 5/5
  2147 | D:3      | Reached skill level 6 in Ranged Weapons
  2201 | D:3      | Found a sacrificial altar of Ru.
  2246 | D:3      | Noticed an ogre
  2251 | D:3      | Killed an ogre
  2252 | D:3      | Reached skill level 7 in Ranged Weapons
  2252 | D:3      | Reached XP level 6. HP: 40/40 MP: 6/6
  2620 | D:4      | Reached skill level 8 in Ranged Weapons
  2893 | D:4      | Found a runed translucent door.
  2893 | D:4      | Noticed mandoloar's ghost (amateur OpTm)
  2915 | D:4      | Reached XP level 7. HP: 23/44 MP: 7/7
  3055 | D:4      | Reached skill level 9 in Ranged Weapons
  3326 | D:4      | Found a radiant altar of Vehumet.
  3506 | D:4      | Noticed Sigmund
  3517 | D:4      | Killed Sigmund
  3518 | D:4      | Reached skill level 10 in Ranged Weapons
  3546 | D:4      | Reached XP level 8. HP: 25/49 MP: 8/8
  3739 | D:4      | HP: 2/49 [hound (5)]
  3739 | D:4      | Demolished by an ogre

Illustrated notes

Levels and vault maps discovered:
D:1:      sevenhm_arrival_forest_fort_large_2, layout_loops_ring, serial_shops,
          shop, grunt_decor_junction
D:2:      layout_basic, shapermc_ecumenical_altar_petra, uniq_terence,
          uniq_crazy_yiuf_cottage
D:3:      layout_basic, nicolae_ru_great_annihilating_truth,
          nicolae_figureground_sparkle
D:4:      minmay_chambers_of_threes, layout_basic,
          mainiacjoe_overflow_small_starburst, vehumet_crystals,
          gammafunk_ghost_grave, serial_bayou, serial_bayou_shore_a,
          serial_bayou_pond_b, serial_bayou_ford_a, serial_bayou_lake_a,
          serial_bayou_pond_c, serial_bayou_crossing, uniq_sigmund

Skill      XL: |  1  2  3  4  5  6  7 |
---------------+----------------------+-----
Fighting       | 3 4 5 |  5.0
Ranged Weapons | 7 8 10 | 10.0
Dodging        | 4 |  4.4
Stealth        | |  1.3

Action                     |  1- 3 |  4- 6 |  7- 9 || total
---------------------------+-------+-------+-------++-------
  Melee: Shortbow          |       |     2 |       ||     2
   Fire: Shortbow          |    45 |   122 |    49 ||   216
  Evoke: Wand              |       |       |     1 ||     1
    Use: Scroll            |     5 |     4 |     2 ||    11
         Potion            |       |       |     1 ||     1
 Armour: Leather armour    |     4 |    19 |     6 ||    29
  Dodge: Dodged            |    10 |    54 |    27 ||    91

Table legend: (Time is in decaauts)
 A = Elapsed time spent in this place.
 B = Non-inter-level travel time spent in this place.
 C = Inter-level travel time spent in this place.
 D = Time resting spent in this place.
 E = Time spent auto-exploring this place.
 F = Levels seen in this place.
 G = Mean time per level.
                   A        B        C        D        E       F      G
               +--------+--------+--------+--------+--------+-----+--------+
         Total |   3816 |   3644 |    172 |    559 |   2638 |   4 |  954.0 |
       Dungeon |   3816 |   3644 |    172 |    559 |   2638 |   4 |  954.0 |
               +--------+--------+--------+--------+--------+-----+--------+

Top non-repeatable levels by time:
     D:4: 1166 daAuts
     D:1: 1012 daAuts
     D:2: 894 daAuts
     D:3: 742 daAuts
